 Dungeon Crawl Stone Soup version 0.23-a0-550-g7de1f8e (webtiles) character file.

124 Lavandula the Cutter (level 5, -6/31 HPs)
             Began as a Halfling Enchanter on Dec 9, 2018.
             Killed by divine providence
             ... invoked by an orc priest
              (12 damage)
             ... on level 4 of the Dungeon.
             The game lasted 00:07:39 (2095 turns).

Lavandula the Cutter (Halfling Enchanter)           Turns: 2095, Time: 00:07:40

Health: -6/31      AC:  3    Str:  9    XL:     5   Next: 30%
Magic:  1/7        EV: 15    Int: 14    God:
Gold:   120        SH:  0    Dex: 15    Spells: 1/7 levels left

rFire    . . .     SeeInvis .   a - +1 dagger
rCold    . . .     Gourm    .   (shield restricted)
rNeg     . . .     Faith    .   b - +0 robe
rPois    .         Spirit   .   (no helmet)
rElec    .         Reflect  .   i - +0 cloak
rCorr    .         Harm     .   (no gloves)
MR       .....                  (no boots)
Stlth    +.........             (no amulet)
HPRegen  0.10/turn              c - ring of attention (curse)
MPRegen  0.10/turn              (no ring)

@: very slow
A: small, mutation resistance 1
a: no special abilities


You were on level 4 of the Dungeon.
You were not hungry.

You visited 1 branch of the dungeon, and saw 4 of its levels.

You collected 120 gold pieces.

Inventory:

Hand Weapons
 a - a +1 dagger (weapon)
 j - a +0 spear of piercing
 m - a +0 hunting sling
Missiles
 n - 42 sling bullets
Armour
 b - a +0 robe (worn)
 i - a +0 cloak (worn)
Jewellery
 c - a cursed ring of attention (left hand)
Wands
 r - a wand of flame (17)
Scrolls
 g - 2 scrolls of random uselessness {unknown}
 h - 2 scrolls of magic mapping {unknown}
 k - a scroll of fog {unknown}
 o - 2 scrolls of enchant weapon {unknown}
 p - 2 scrolls of teleportation {unknown}
 q - a scroll of blinking {unknown}
Potions
 e - 2 potions of curing {unknown}
 f - a potion of brilliance {unknown}
 l - 2 potions of mutation {unknown}
 s - a potion of lignification {unknown}
Comestibles
 d - 5 rations


   Skills:
 + Level 5.7 Short Blades
 - Level 2.1 Dodging
 - Level 3.2 Stealth
 - Level 1.5 Spellcasting
 - Level 2.4 Hexes


You had one spell level left.
You knew the following spells:

 Your Spells              Type           Power        Failure   Level  Hunger
a - Corona                Hex            #......      10%         1    ##.....
b - Ensorcelled Hibernat  Hex/Ice        #.....       22%         2    ###....
c - Dazzling Spray        Conj/Hex       #.....       41%         3    ####...

Your spell library contained the following spells:

 Spells                   Type           Power        Failure   Level  Hunger
 Confuse                  Hex            #.......     28%         3    ####...
 Tukima's Dance           Hex            #.......     28%         3    ####...


Dungeon Overview and Level Annotations

Branches:
Dungeon (4/15)
 Temple: D:4-7

Altars:
Fedhas
Kikubaaqudgha

Annotations:
D:3 exclusion: ice beast


Innate Abilities, Weirdness & Mutations

You are small and have problems with some larger weapons.
You are somewhat resistant to further mutation.


Message History

Aim: an orc priest, wielding a +0 club (chance to defeat MR: 36%)
The orc priest easily resists.
The orc priest mumbles some strange prayers to Beogh against you.
Pain shoots through your body!
* * * LOW HITPOINT WARNING * * *
Casting: Ensorcelled Hibernation (safe; 22% risk of failure)
Confirm with . or Enter, or press ? or * to list all spells.
Aiming: Ensorcelled Hibernation (safe; 22% risk of failure)
Press: ? - help, Shift-Dir - straight line, f/p - orc priest
Aim: an orc priest, wielding a +0 club (chance to defeat MR: 36%)
The orc priest easily resists.
Casting: Ensorcelled Hibernation (safe; 22% risk of failure)
Confirm with . or Enter, or press ? or * to list all spells.
Aiming: Ensorcelled Hibernation (safe; 22% risk of failure)
Press: ? - help, Shift-Dir - straight line, f/p - orc priest
Aim: an orc priest, wielding a +0 club (chance to defeat MR: 36%)
The orc priest easily resists.
The orc priest calls down the wrath of Beogh upon you.
Beogh smites you!
You die...

........o....###≈≈≈.#####.
.........)....##≈≈#.......
..............#≈≈#######..
.............##≈≈#.####...
#..#######.####≈##..<.#...
##. #≈# ##≈#####...## #
#≈# #≈≈# ###... ##o# #≈≈#
###. #@≈# #≈≈#### ## #≈≈#
##≈≈#≈# # #≈≈####≈≈#≈# #
#≈##≈###≈≈≈# . #≈##≈#
#≈≈≈# . #≈##≈# #≈≈## ##
#≈##≈# #≈## #≈#≈≈###≈#
#≈#≈#≈≈≈≈#


You could see an orc priest.

Vanquished Creatures
  Jessica (D:3)
  3 gnolls (D:2)
  2 adders
  A worm (D:2)
  2 dart slugs
  A leopard gecko (D:1)
  2 orcs
  A ball python (D:2)
  2 giant cockroaches
  5 goblins
  5 hobgoblins
  2 jackals (D:2)
  5 kobolds
  4 bats
  4 frilled lizards
  4 rats
44 creatures vanquished.

Notes
Turn   | Place    | Note
-------+----------+-------------------------------------------
     0 | D:1      | Lavandula the Halfling Enchanter began the quest for the
                  | Orb.
     0 | D:1      | Reached XP level 1. HP: 11/11 MP: 3/3
    92 | D:1      | Reached skill level 2 in Short Blades
    92 | D:1      | Reached XP level 2. HP: 11/17 MP: 4/4
   119 | D:1      | Learned a level 2 spell: Ensorcelled Hibernation
   562 | D:1      | Reached skill level 3 in Short Blades
   945 | D:2      | Reached XP level 3. HP: 14/21 MP: 5/5
  1257 | D:2      | Reached skill level 4 in Short Blades
  1329 | D:2      | Reached XP level 4. HP: 14/27 MP: 0/6
  1429 | D:2      | Found a blossoming altar of Fedhas.
  1598 | D:2      | Reached skill level 5 in Short Blades
  1701 | D:3      | Noticed Jessica
  1721 | D:3      | Noticed an ice beast
  1754 | D:3      | Learned a level 3 spell: Dazzling Spray
  1765 | D:3      | Found an ancient bone altar of Kikubaaqudgha.
  1933 | D:3      | Killed Jessica
  1933 | D:3      | Reached XP level 5. HP: 26/31 MP: 2/7
  2095 | D:4      | Killed from afar by an orc priest

Vault maps used:
D:1:      dpeg_arrival_ternary
D:2:      ashenzari_conservatory_becter, first_ration, fedhas_altar_4,
          uniq_robin
D:3:      kiku_gazebo_pond_becter, serial_curves, eino_curves_03,
          eino_curves_03, eino_curves_04, eino_curves_02, uniq_jessica,
          uniq_grinder
D:4:      marbit_many_paths, lemuel_round_altar, gammafunk_ghost_grave,
          chequers_serial_rivers_large_b, okawaru_trees_2

Skill      XL: |  1  2  3  4 |
---------------+-------------+-----
Short Blades   | 2 3 4 5 |  5.7
Dodging        | |  2.1
Stealth        | |  3.2
Spellcasting   | |  1.5
Hexes          | |  2.4

Action                   |  1- 3 |  4- 6 || total
-------------------------+-------+-------++-------
Melee: Dagger            |    86 |    89 ||   175
 Fire: Hunting sling     |       |     2 ||     2
 Cast: Corona            |     5 |     1 ||     6
       Ensorcelled Hiber |     8 |     9 ||    17
 Stab: Sleeping          |     4 |     4 ||     8
  Eat: Chunk             |     2 |     4 ||     6
Armor: Robe              |    13 |    15 ||    28
Dodge: Dodged            |    52 |    60 ||   112

Table legend:
 A = Non-vault XP
 B = Vault XP
 C = Vault XP percentage of total XP
 D = Non-vault monster count
 E = Vault monster count
 F = Vault count percentage of total count
                 A         B        C        D         E       F
            +---------+---------+-------+---------+---------+-------
      Total |     141 |      37 |  20.8 |      43 |       1 |   2.3
            +---------+---------+-------+---------+---------+-------
        D:1 |      22 |       0 |   0.0 |       7 |       0 |   0.0
        D:2 |     100 |       0 |   0.0 |      27 |       0 |   0.0
        D:3 |      16 |      37 |  69.8 |       8 |       1 |  11.1
        D:4 |       3 |       0 |   0.0 |       1 |       0 |   0.0
            +---------+---------+-------+---------+---------+-------
